 Dungeon Crawl Stone Soup version 0.27-a0-46-g34d46f0a3f (webtiles) character file.

Game seed: 946453344483226014

290 Borgoz the Ducker (level 6, -3/51 HPs)
             Began as a Ghoul Warper on Jan 7, 2021.
             Slain by a centaur skeleton (6 damage)
             ... on level 4 of the Dungeon.
             The game lasted 00:02:45 (2216 turns).

Borgoz the Ducker (Ghoul Warper)                    Turns: 2216, Time: 00:02:46

Health: -3/51      AC:  3    Str: 15    XL:     6   Next: 32%
Magic:  16/16      EV: 12    Int:  8    God:
Gold:   35         SH:  0    Dex: 10    Spells: 8/8 levels left

rFire    . . .     SeeInvis +     - Unarmed
rCold    + . .     Faith    .   (no shield)
rNeg     + + +     Spirit   .   a - +0 leather armour
rPois    ∞         Reflect  .   (no helmet)
rElec    .         Harm     .   (no cloak)
rCorr    .         Rampage  .   (no gloves)
Will     .....                  (no boots)
Stlth    +.........             (no amulet)
HPRegen  0.00/turn              e - ring of see invisible
MPRegen  0.15/turn              k - ring of magical power

@: no status effects
A: claws 1, cold resistance 1, negative energy resistance 3, inhibited
regeneration, torment resistance, unbreathing
a: no special abilities


You were on level 4 of the Dungeon.
You visited 1 branch of the dungeon, and saw 3 of its levels.

You collected 35 gold pieces.

Inventory:

Missiles
 d - 5 boomerangs of dispersal (quivered)
Armour
 a - a +0 leather armour (worn)
Jewellery
 e - a ring of see invisible (left claw)
 k - a ring of magical power (right claw)
Scrolls
 b - a scroll of enchant weapon {unknown}
 c - a scroll of blinking
 f - a scroll of remove curse {unknown}
Potions
 g - a potion of brilliance
 i - a potion of cancellation


   Skills:
 + Level 3.3 Fighting
 - Level 0.8 Throwing
 * Level 3.3 Armour
 * Level 3.6 Dodging
 + Level 3.5 Unarmed Combat
 - Level 1.7 Spellcasting
 - Level 2.6 Translocations


You had 8 spell levels left.
You didn't know any spells.
Your spell library contained the following spells:

 Spells                   Type           Power        Failure   Level
 Blink                    Tloc           N/A          22%         2
 Gell's Gravitas          Tloc           2%           41%         3
 Lesser Beckoning         Tloc           2%           41%         3
 Teleport Other           Tloc           5%           41%         3
 Passage of Golubria      Tloc           N/A          83%         4


Dungeon Overview and Level Annotations

Branches:
Dungeon (2/15)

Altars:
Qazlal

Annotations:
D:2 Natasha


Innate Abilities, Weirdness & Mutations

You thrive by killing the living.
You are immune to poison.
You have sharp fingernails.
Your flesh is cold resistant. (rC+)
You are immune to negative energy. (rN+++)
You do not regenerate when monsters are visible.
You are immune to unholy pain and torment.
You can survive without breathing.


Message History

The centaur skeleton hits you.
* * * LOW HITPOINT WARNING * * *
What are your orders? t - Shout!
Orders for allies: a - Attack new target. r - Retreat! s - Stop attacking. g - Guard the area. f - Follow me.
Anything else - Cancel.
Okay, then.
You claw the centaur skeleton!
The centaur skeleton is moderately damaged.
The centaur skeleton hits you but does no damage.
You scratch the centaur skeleton.
The centaur skeleton is moderately damaged.
The centaur skeleton hits you.
* * * LOW HITPOINT WARNING * * *
You claw the centaur skeleton!
The centaur skeleton is heavily damaged.
The centaur skeleton hits you.
You die...

###### #....#####
#.........
#.........
#....≈≈≈...≈
#...≈≈≈###≈#
#.@..§#§≈≈≈≈
#.Z...#≈._≈#
#.....§§8>§#
#####...§§§§≈≈§
.......).§§##§###
...####..§§≈≈≈...
. #......§≈...
#............
#.....####....


You could see a centaur skeleton.

Vanquished Creatures
  An ogre (D:2)
  An orc priest (D:2)
  2 orc wizards (D:2)
  Natasha (D:2)
  3 adders (D:2)
  A worm (D:2)
  3 dart slugs
  4 leopard geckos (D:1)
  2 orcs (D:2)
  5 bats (D:1)
  A giant cockroach (D:2)
  7 goblins
  6 hobgoblins
  4 jackals
  A ball python (D:1)
  6 frilled lizards
  6 kobolds
  3 rats
57 creatures vanquished.

Vanquished Creatures (others)
  40 plants (D:2)
40 creatures vanquished.

Grand Total: 97 creatures vanquished

Notes
Turn   | Place    | Note
-------+----------+-------------------------------------------
     0 | D:1      | Borgoz the Ghoul Warper began the quest for the Orb.
     0 | D:1      | Reached XP level 1. HP: 17/17 MP: 2/2
    38 | D:1      | Reached skill level 1 in Armour
    55 | D:1      | Reached XP level 2. HP: 23/24 MP: 3/3
   446 | D:1      | Reached XP level 3. HP: 30/30 MP: 4/4
  1313 | D:2      | Reached XP level 4. HP: 37/37 MP: 5/5
  1399 | D:2      | Noticed an ogre
  1411 | D:2      | Killed an ogre
  1412 | D:2      | Reached XP level 5. HP: 40/45 MP: 6/6
  1536 | D:2      | Reached XP level 6. HP: 12/51 MP: 7/7
  1776 | D:2      | Noticed Natasha
  1782 | D:2      | Killed Natasha
  2136 | D:2      | Noticed Natasha
  2185 | D:2      | You fall into a shaft and drop 2 floors!
  2207 | D:4      | Found a stormy altar of Qazlal.
  2216 | D:4      | Slain by a centaur skeleton

Illustrated notes

Levels and vault maps discovered:
D:1:      evilmike_arrival_fibonacci_small, layout_basic, minmay_misc_feat_rows,
          chequers_serial_rivers_large_a, minmay_small_reverse_x
D:2:      layout_loops_ring, serial_bayou_lagoon_a, tgw_trog, uniq_natasha
D:4:      layout_cave_pools, gammafunk_temple_overflow_arena, elyvilon_altar_5,
          nicolae_qazlal_general_emergency, temple_statues

Skill      XL: |  1  2  3  4  5 |
---------------+----------------+-----
Armour         | 1 2 3 |  3.3
Dodging        | 2 3 |  3.6
Fighting       | 3 |  3.3
Unarmed Combat | 3 |  3.5
Throwing       | |  0.8
Spellcasting   | |  1.7
Translocations | |  2.6

Action                   |  1- 3 |  4- 6 || total
-------------------------+-------+-------++-------
Melee: Unarmed           |    92 |   131 ||   223
       Punch             |       |     1 ||     1
  Use: Potion            |       |     2 ||     2
       Scroll            |       |     6 ||     6
Armor: Leather armour    |    19 |    16 ||    35
Dodge: Dodged            |    49 |    63 ||   112

Table legend: (Time is in decaauts)
 A = Elapsed time spent in this place.
 B = Non-inter-level travel time spent in this place.
 C = Inter-level travel time spent in this place.
 D = Time resting spent in this place.
 E = Time spent auto-exploring this place.
 F = Levels seen in this place.
 G = Mean time per level.
                   A        B        C        D        E       F      G
               +--------+--------+--------+--------+--------+-----+--------+
         Total |   2218 |   2178 |     40 |    502 |   1290 |   3 |  739.3 |
       Dungeon |   2218 |   2178 |     40 |    502 |   1290 |   3 |  739.3 |
               +--------+--------+--------+--------+--------+-----+--------+

Top non-repeatable levels by time:
     D:1: 1266 daAuts
     D:2: 921 daAuts
     D:4: 30 daAuts
